 Dungeon Crawl Stone Soup version 0.22-a0-282-gdd34a7d (webtiles) character file.

147 varam the Digger (level 5, -3/31 HPs)
             Began as an Octopode Earth Elementalist on Mar 17, 2018.
             Slain by an orc priest
             ... wielding a +0 mace
              (5 damage)
             ... on level 3 of the Dungeon.
             The game lasted 00:07:45 (1992 turns).

varam the Digger (Octopode Earth Elementalist)      Turns: 1992, Time: 00:07:45

Health: -3/31      AC:  1    Str:  7    XL:     5   Next: 29%
Magic:  0/8        EV: 13    Int: 18    God:
Gold:   76         SH:  0    Dex: 13    Spells: 4/8 levels left

rFire    . . .     SeeInvis .   (no weapon)
rCold    . . .     Gourm    .   (no shield)
rNeg     . . .     Faith    .   (helmet restricted)
rPois    .         Spirit   .   (no amulet)
rElec    .         Reflect  .   h - ring of protection from magic
rCorr    .         Harm     .   b - ring of teleportation (curse)
MR       +....     Rnd*Tele +   (no ring)
Stlth    +++.......             (no ring)
HPRegen  0.10/turn              (no ring)
MPRegen  0.11/turn              (no ring)
                                (no ring)
                                (no ring)

@: no status effects
A: almost no armour, stealthy swim, amphibious, 8 rings, constrict 8, camouflage
1, gelatinous body 1
a: no special abilities


You were on level 3 of the Dungeon.
You were hungry.

You visited 1 branch of the dungeon, and saw 3 of its levels.

You collected 76 gold pieces.

Inventory:

Jewellery
 b - a cursed ring of teleportation (right tentacle)
 h - a ring of protection from magic (left tentacle)
 p - an uncursed ring of protection from magic
Wands
 m - a wand of iceblast (10)
Scrolls
 n - a scroll of enchant weapon {unknown}
 o - a scroll of identify {unknown}
Potions
 d - 3 potions of curing
 g - 2 potions of degeneration {unknown}
 i - a potion of invisibility {unknown}
 j - a potion of lignification {unknown}
 k - a potion of berserk rage
 l - a potion of cancellation {unknown}
Comestibles
 a - a chunk of flesh
 c - 5 rations


   Skills:
 - Level 2.0 Dodging
 - Level 2.6 Stealth
 - Level 2.0 Spellcasting
 + Level 2.0 Conjurations
   Level 1.0 Transmutations
 + Level 5.3 Earth Magic


You had 4 spell levels left.
You knew the following spells:

 Your Spells              Type           Power        Failure   Level  Hunger
a - Sandblast             Erth           ###...       1%          1    #......
b - Stone Arrow           Conj/Erth      ###...       12%         3    ###....


Dungeon Overview and Level Annotations

Branches:
Dungeon (3/15)

Altars:


Innate Abilities, Weirdness & Mutations

You cannot wear most types of armour.
You are very stealthy in the water. (Stealth+)
You are amphibious.
You can wear up to eight rings at the same time.
You can use your tentacles to constrict eight enemies at once.
Your skin changes colour to match your surroundings (Stealth+).
Your rubbery body absorbs attacks. (AC +1, EV +1)


Message History

Confirm with . or Enter, or press ? or * to list all spells.
Okay, then.
Casting: Stone Arrow (safe; 12% risk of failure)
Confirm with . or Enter, or press ? or * to list all spells.
You can't see any susceptible monsters within range! (Use Z to cast anyway.)
The orc priest looks satisfied for a moment.
Casting: Stone Arrow (safe; 12% risk of failure)
Confirm with . or Enter, or press ? or * to list all spells.
Aiming: Stone Arrow (safe; 12% risk of failure)
Press: ? - help, Shift-Dir - straight line, f - orc priest
Aim: an orc priest, wielding a mace and wearing a leather armour (unusually agile)
The stone arrow hits the orc priest.
The orc priest is heavily wounded.
The orc priest casts a cantrip, but nothing happens.
The orc priest hits you with a mace!
* * * LOW HITPOINT WARNING * * *
You tentacle-slap the orc priest. Your grab misses the orc priest.
The orc priest is heavily wounded.
The orc priest hits you with a mace.
You die...

...........###.## #.# #.#
..o.#####..o....# #.#####.#
# #.# ##.###).# #....##.#
##.## #)# #o.# ####.##.#
##...#####.###..#######.##.#
...#.......##[.............#
##..o########..###########.#
##.## #..###########.# #.#
#..o@..........# #.#
#.############## #.# #.# #.#
#.# #o# #.# #.# #.#
###.##### #.# ........# #.#
#######.#####.#


You could see an orc priest.

Vanquished Creatures
  An orc priest (D:3)
  4 adders
  2 worms (D:2)
  2 dart slugs
  3 orcs (D:3)
  4 bats
  A giant cockroach (D:1)
  18 goblins
  10 hobgoblins
  A jackal (D:1)
  5 kobolds
  A quokka (D:3)
  6 frilled lizards
  3 rats
61 creatures vanquished.

Notes
Turn   | Place    | Note
-------+----------+-------------------------------------------
     0 | D:1      | varam the Octopode Earth Elementalist began the quest for the Orb.
     0 | D:1      | Reached XP level 1. HP: 11/11 MP: 3/3
    96 | D:1      | Reached XP level 2. HP: 5/17 MP: 0/5
   345 | D:1      | Reached skill level 4 in Earth Magic
   355 | D:1      | Reached XP level 3. HP: 21/21 MP: 1/6
   696 | D:2      | Learned a level 3 spell: Stone Arrow
  1047 | D:2      | Reached XP level 4. HP: 27/27 MP: 2/7
  1534 | D:2      | Reached skill level 1 in Conjurations
  1534 | D:2      | Reached skill level 5 in Earth Magic
  1936 | D:3      | Reached XP level 5. HP: 14/31 MP: 3/8
  1975 | D:3      | Reached skill level 2 in Conjurations
  1991 | D:3      | HP: 2/31 [orc priest/mace (7)]
  1992 | D:3      | Slain by an orc priest

Vault maps used:
D:1:      elethiomel_arrival_infinity_welcomes_careful_drivers,
          minmay_split_cup_large

Skill      XL: |  1  2  3  4  5 |
---------------+----------------+-----
Earth Magic    | 4 5 |  5.3
Conjurations   | 1 2 |  2.0
Dodging        | |  2.0
Stealth        | |  2.6
Spellcasting   | |  2.0
Transmutations | |  1.0

Action                   |  1- 3 |  4- 6 || total
-------------------------+-------+-------++-------
Melee: Unarmed           |       |    47 ||    47
       Constrict         |       |    15 ||    15
       Tentacles         |       |     5 ||     5
 Cast: Sandblast         |    50 |     1 ||    51
       Stone Arrow       |     2 |    17 ||    19
  Use: Scroll            |       |     2 ||     2
 Stab: Sleeping          |       |     5 ||     5
  Eat: Chunk             |     1 |     5 ||     6
Armor: Skin              |       |     4 ||     4
Dodge: Dodged            |    15 |    43 ||    58

Table legend:
 A = Spawn XP
 B = Non-spawn XP
 C = Spawn XP percentage of total XP
 D = Spawn monster count
 E = Non-spawn monster count
 F = Spawn count percentage of total count
 G = Total turns spent on level
                    A         B        C        D         E        F      G
               +---------+---------+-------+---------+---------+-------+---------
         Total |       0 |     211 |   0.0 |       0 |      61 |   0.0 |  1992
               +---------+---------+-------+---------+---------+-------+---------
           D:1 |       0 |      42 |   0.0 |       0 |      21 |   0.0 |   685
           D:2 |       0 |      85 |   0.0 |       0 |      25 |   0.0 |   864
           D:3 |       0 |      84 |   0.0 |       0 |      15 |   0.0 |   443
               +---------+---------+-------+---------+---------+-------+---------
